 Dungeon Crawl Stone Soup version 0.13-a0-1775-g6c024ba (webtiles) character file.

767 4tharraofdagon the Ruinous (level 7, -19/50 HPs)
             Began as a Gargoyle Fire Elementalist on June 23, 2013.
             Was a Follower of Sif Muna.
             Killed from afar by a centaur (23 damage)
             ... with a wand of lightning
             ... on Level 5 of the Dungeon.
             The game lasted 00:16:55 (2820 turns).

4tharraofdagon the Ruinous (GrFE)                   Turns: 2820, Time: 00:16:55

HP -19/50        AC  3     Str 11      XL: 7   Next: 37%
MP  10/14        EV 10     Int 18      God: Sif Muna [*.....]
Gold 182         SH  0     Dex 10      Spells:  3 memorised,  3 levels left

Res.Fire  : + . .   See Invis. : .   u - +2 whip (venom)
Res.Cold  : . . .   Warding    : .   B - +0 leather armour
Life Prot.: + + .   Conserve   : .   (no shield)
Res.Poison: .       Res.Corr.  : .   (no helmet)
Res.Elec. : .       Clarity    : .   (no cloak)
Sust.Abil.: . .     Spirit.Shd : .   (no gloves)
Res.Mut.  : .       Stasis     : .   (no boots)
Res.Rott. : .       Flight     : .   (no amulet)
Saprovore : . . .                    r - ring of life protection
                                     o - ring of fire

@: slightly resistant to hostile enchantments, unstealthy
A: fangs 1, talons 2, cold resistance 1, life protection 1, slow metabolism 1,
petrification resistance, trample resistance
a: Channel Energy, Renounce Religion


You were on level 5 of the Dungeon.
You worshipped Sif Muna.
Sif Muna was pleased with you.
You were hungry.

You visited 2 branches of the dungeon, and saw 7 of its levels.

You collected 162 gold pieces.

Inventory:

Hand weapons
 d - a +0,+0 elven short sword
 s - a +0,+3 orcish flail
 u - a +2,+2 whip of venom (weapon)
 E - a -2,-2 falchion
Missiles
 v - 8 javelins (quivered)
Armour
 a - a +0 robe
 B - a +0 leather armour (worn)
Magical devices
 i - a wand of frost (2)
 y - a wand of enslavement (7) {unknown}
Comestibles
 c - 4 bread rations
 k - a pear
 l - a rotting chunk of rat flesh
 m - a chunk of giant cockroach flesh
 n - 3 meat rations
 z - a rotting chunk of orc flesh
 D - 2 chunks of goblin flesh
 G - 2 rotting chunks of jackal flesh
 H - a rotting chunk of rat flesh
 J - 4 rotting chunks of orc flesh
Scrolls
 g - a scroll of magic mapping {unknown}
 p - a scroll of noise {unknown}
 w - a scroll of fear {unknown}
 A - a scroll of amnesia {unknown}
 F - a scroll of curse armour {unknown}
Jewellery
 o - a ring of fire (left hand)
 r - a ring of life protection (right hand)
Potions
 h - 2 potions of brilliance
 j - a potion of degeneration
 q - a potion of magic
 t - 2 potions of restore abilities
 C - a potion of might
 I - a potion of speed
Books
 b - a book of Flames

   Spells                             Type                      Level
   *Flame Tongue                      Conjuration/Fire             1
   Throw Flame                        Conjuration/Fire             2
   *Conjure Flame                     Conjuration/Fire             3
   Inner Flame                        Hexes/Fire                   3
   *Sticky Flame                      Conjuration/Fire             4
   Fireball                           Conjuration/Fire             5
 x - a book of the Sky

   Spells                             Type                      Level
   Flight                             Charms/Air                   3
   Airstrike                          Air                          4
   Silence                            Hexes/Air                    5
   Deflect Missiles                   Charms/Air                   6
   Conjure Ball Lightning             Conjuration/Air              7
   Tornado                            Air                          9


   Skills:
 - Level 1.7 Dodging
 - Level 2.1 Stealth
 + Level 2.9 Spellcasting
 + Level 5.4 Conjurations
 + Level 4.9 Fire Magic
 * Level 1.3 Invocations


You had 3 spell levels left.
You knew the following spells:

 Your Spells              Type           Power        Failure   Level  Hunger
a - Flame Tongue          Conj/Fire      ####.        1%          1    None
b - Conjure Flame         Conj/Fire      ####....     10%         3    ###....
c - Sticky Flame          Conj/Fire      ####....     24%         4    ####...


Dungeon Overview and Level Annotations

Branches:
Dungeon (6/27)             Temple (1/1) D:4             Orc (0/4) D:6

Altars:
Ashenzari
Cheibriados
Elyvilon
Fedhas
Kikubaaqudgha
Makhleb
Nemelex Xobeh
Okawaru
Sif Muna
Trog
Vehumet
Xom
Yredelemnul
Zin
the Shining One


Innate Abilities, Weirdness & Mutations

You have very sharp teeth.
You have razor-sharp toenails.
Your flesh is cold resistant.
You resist negative energy.
You have a slow metabolism.
You are immune to petrification.
You are resistant to trampling.


Message History

Press: ? - help, Shift-Dir - straight line, f - centaur
Aim: a centaur carrying a wand of lightning {zapped: 2} (moving very quickly)
You feel a surge of power!
The sticky flame hits the centaur.
The centaur appears unharmed.
The centaur is covered in liquid flames!
You are feeling hungry.
The centaur burns!
The centaur barely misses you. The centaur hits you!
* * * LOW HITPOINT WARNING * * *
Unknown command.
Drink which item? (? for menu, Esc to quit)
You feel better.
The centaur burns!
The centaur barely misses you. The centaur hits you.
* * * LOW HITPOINT WARNING * * *
Unknown command.
Drink which item? (? for menu, Esc to quit)
You feel better.
The centaur burns!
The centaur stops burning.
The centaur zaps a wand.
The bolt of lightning hits you!
* * * LOW HITPOINT WARNING * * *
The centaur zaps a wand.
The bolt of lightning hits you!
You die...

#......##..........#
#......##..........#
#......#############
#)####### #.......# #####
#.......# ########...#
#(......###.....(....#
#((((.c.'.'..........'
#....@..###..........#
#..........# ########...#
#.......###..........ยง..#
#.......# .............#
#.......# ...........###
#.......# ...........#
#.......# ... .......#
.....# . ......# . .....#


You could see a centaur.

Vanquished Creatures
  An ice beast (D:5)
  2 ogres (D:4)
  An ogre zombie (D:5)
  An orc priest (D:3)
  A scorpion (D:4)
  Jessica (D:2)
  9 adders
  3 worms
  A bat zombie (D:6)
  A gnoll skeleton (D:5)
  18 orcs
  A giant cockroach (D:5)
  8 hobgoblins
  8 jackals
  14 kobolds
  3 oozes
  A quokka (D:5)
  8 bats
  3 giant geckos
  A giant newt (D:2)
  6 goblins
  2 orc skeletons (D:4)
  12 rats
106 creatures vanquished.

Notes
Turn   | Place    | Note
--------------------------------------------------------------
     0 | D:1      | 4tharraofdagon, the Gargoyle Fire Elementalist, began the quest for the Orb.
     0 | D:1      | Reached XP level 1. HP: 14/14 MP: 3/3
    81 | D:2      | Reached XP level 2. HP: 17/20 MP: 1/4
   204 | D:2      | Reached skill level 3 in Fire Magic
   285 | D:2      | Reached XP level 3. HP: 11/26 MP: 1/6
   290 | D:2      | Learned a level 3 spell: Conjure Flame
   626 | D:2      | Noticed Jessica
   774 | D:2      | Killed Jessica
   923 | D:2      | Reached XP level 4. HP: 25/33 MP: 5/7
  1391 | D:3      | Reached XP level 5. HP: 26/38 MP: 2/9
  1421 | D:4      | Noticed an ogre
  1643 | D:3      | Reached skill level 4 in Fire Magic
  1696 | D:4      | Found a staircase to the Ecumenical Temple.
  1705 | Temple   | Entered the Ecumenical Temple
  1804 | Temple   | Became a worshipper of Sif Muna the Loreminder
  1902 | D:4      | Learned a level 4 spell: Sticky Flame
  1972 | D:4      | Noticed an ogre
  1982 | D:4      | Killed an ogre
  1982 | D:4      | Reached XP level 6. HP: 45/45 MP: 2/11
  2174 | D:4      | Killed an ogre
  2174 | D:4      | Reached skill level 5 in Conjurations
  2184 | D:5      | Entered Level 5 of the Dungeon
  2393 | D:6      | Found a staircase to the Orcish Mines.
  2512 | D:5      | Acquired Sif Muna's first power
  2512 | D:5      | Reached XP level 7. HP: 50/50 MP: 4/13
  2780 | D:5      | Reached skill level 1 in Invocations
  2820 | D:5      | Killed from afar by a centaur

Action                   |  1- 3 |  4- 6 |  7- 9 || total
-------------------------+-------+-------+-------++-------
Melee: Unarmed           |    14 |     9 |       ||    23
       Short sword       |       |    16 |       ||    16
       Flail             |       |    17 |       ||    17
       Whip              |       |     8 |    23 ||    31
 Cast: Flame Tongue      |    44 |   100 |    13 ||   157
       Conjure Flame     |       |     8 |     3 ||    11
       Sticky Flame      |       |       |     1 ||     1
Invok: Channel Energy    |       |       |     8 ||     8
Evoke: Wand              |       |     8 |       ||     8
  Use: Scroll            |     1 |     1 |     7 ||     9
       Potion            |     1 |       |     3 ||     4
 Stab: Sleeping          |       |     1 |       ||     1
